 Dungeon Crawl Stone Soup version 0.29.1-2-gbd0b4ee654 (webtiles) character file.

Game seed: 11698916989118163950

107 cdecastro the Trooper (level 4, -2/75 HPs)
             Began as an Ogre Berserker on Nov 8, 2022.
             Was a Believer of Trog.
             Succumbed to a gnoll's poison
             ... on level 2 of the Dungeon.
             The game lasted 00:03:23 (2104 turns).

cdecastro the Trooper (Ogre Berserker)              Turns: 2104, Time: 00:03:23

Health: -2/75      AC:  3    Str: 23    XL:     4   Next: 86%
Magic:  4/4        EV: 10    Int:  8    God:    Trog [**....]
Gold:   59         SH:  0    Dex:  8    Spells: 3/3 levels left

rFire   . . .      SeeInvis .   a - +0 mace
rCold   . . .      Faith    .   (no shield)
rNeg    . . .      Spirit   .   f - +0 animal skin
rPois   .          Reflect  .   (helmet restricted)
rElec   .          Harm     .   (no cloak)
rCorr   .          Rampage  .   (gloves unavailable)
Will    .....                   (boots unavailable)
Stlth   ..........              (no amulet)
HPRegen 0.22/turn               (no ring)
MPRegen 0.09/turn               (no ring)

@: berserking (expiring), lethally poisoned (-2 -> -17), very quick
A: large, unfitting armour, tough skin 1
a: Renounce Religion, Berserk, Trog's Hand


You were on level 2 of the Dungeon.
You worshipped Trog.
Trog was pleased with you.
You visited 1 branch of the dungeon, and saw 2 of its levels.

You collected 59 gold pieces.

Inventory:

Hand Weapons
 a - a +0 mace (weapon)
 b - a +1 sling of freezing
Missiles
 c - 38 stones
 j - 6 curare-tipped darts (quivered)
Armour
 f - a +0 animal skin (worn)
Jewellery
 k - a ring of magical power
Scrolls
 d - 3 scrolls of fear {unknown}
 e - a scroll of brand weapon {unknown}
 i - a scroll of identify {unknown}
Potions
 g - a potion of heal wounds {unknown}
 h - a potion of attraction {unknown}


   Skills:
 + Level 5.2 Fighting
 * Level 4.3 Maces & Flails
 - Level 2.6 Dodging


You had 3 spell levels left.
You didn't know any spells.
Your spell library contained the following spells:

 Spells                   Type           Power      Damage    Failure   Level
 Blink                    Tloc           0%         N/A       54%         2
 Manifold Assault         Tloc           0%         N/A       100%        5
 Storm Form               Tmut/Air       0%         N/A       100%        7


Dungeon Overview and Level Annotations

Branches:
Dungeon (2/15)

Altars:


Innate Abilities, Weirdness & Mutations

You are too large for most types of armour.
You have tough skin. (AC +1)


Message History

The gnoll attacks as you move away! The gnoll closely misses you.
The gnoll attacks as you move away! The gnoll barely misses you.
The gnoll attacks as you move away! The gnoll barely misses you.
The gnoll attacks as you move away! The gnoll hits you with a +0 flail.
The gnoll attacks as you move away! The gnoll hits you with a +0 flail!
A red film seems to cover your vision as you go berserk!
You feel yourself moving faster!
You feel mighty! The gnoll hits you with a +0 flail!
You sock the gnoll!
The gnoll is almost dead.
The gnoll hits you with a +0 flail.
You hit the gnoll.
You kill the gnoll!
Trog accepts your kill. The gnoll hits you with a +0 whip.
* * * LOW HITPOINT WARNING * * *
Things that are here:
a +0 flail; a gnoll corpse You sock the gnoll!
The gnoll is severely wounded.
The gnoll hits you with a +0 whip!
* * * LOW HITPOINT WARNING * * *
You barely miss the gnoll.
The gnoll is severely wounded.
The gnoll hits you from afar with a +0 halberd of venom!
* * * LOW HITPOINT WARNING * * *
You are poisoned.
The gnoll hits you with a +0 whip.
* * * LOW HITPOINT WARNING * * *
You sock the gnoll!
You kill the gnoll!
Trog accepts your kill.
You feel sick.
You feel sick.
The gnoll hits you with a +0 halberd of venom!
* * * LOW HITPOINT WARNING * * *
You are more poisoned.
You see here a +0 whip.
You barely miss the gnoll.
You die...

#.##### #...............#
#.# #...............# #.#
#...............# #.#
#....gg.........# #.#
#...............# #.######
#...........#####
.......#########g##########
######.#.....# #g#
#.#.###.# #@# #.#.# #.# #)#
#.#.# #.###.# #.#.###.#...#
#.......#.### ###.......#
#########


You could see 2 gnolls.

Vanquished Creatures
  3 adders (D:2)
  2 gnolls (D:2)
  A worm (D:2)
  2 dart slugs (D:1)
  2 ball pythons (D:2)
  3 endoplasms
  9 goblins
  5 hobgoblins
  3 jackals (D:1)
  2 quokkas
  8 bats
  3 kobolds
  9 rats
52 creatures vanquished.

Notes
Turn   | Place    | Note
-------+----------+-------------------------------------------
     0 | D:1      | cdecastro the Ogre Berserker began the quest for the Orb.
     0 | D:1      | Reached XP level 1. HP: 24/24 MP: 1/1
   205 | D:1      | Reached XP level 2. HP: 20/32 MP: 2/2
   520 | D:1      | Reached XP level 3. HP: 37/40 MP: 3/3
   664 | D:1      | Reached ** piety under Trog
  1359 | D:2      | Reached XP level 4. HP: 41/49 MP: 4/4
  1419 | D:2      | Reached skill level 5 in Fighting
  1973 | D:2      | Found a faded altar of an unknown god.
  2103 | D:2      | HP: 1/75 [gnoll/+0 halberd of venom (7)]
  2104 | D:2      | Succumbed to a gnoll's poison

Illustrated notes

Levels and vault maps discovered:
D:1:      dpeg_arrival_arbitrary_c, layout_loops_cross
D:2:      layout_basic, hellmonk_ecumenical_altar_heavens_door,
          uniq_crazy_yiuf_cottage

Skill      XL: |  1  2  3  4 |
---------------+-------------+-----
Maces & Flails | 3 4 |  4.3
Fighting       | 5 |  5.2
Dodging        | |  2.6

Action                   |  1- 3 |  4- 6 || total
-------------------------+-------+-------++-------
Melee: Mace              |   112 |    34 ||   146
 Fire: Sling             |     2 |       ||     2
Invok: Berserk           |     2 |     3 ||     5
Armor: Animal skin       |    53 |    12 ||    65
Dodge: Dodged            |    69 |    13 ||    82
